AoeStats
← Schlenkerla23

Arena

510725769Analyzed
4v4 RM · 20h ago on Oct 2, 2026· 40m 57s· 8 players
Game mode
Random Map
Map size
Large (8 player)
Population
200
Speed
Normal
Resources
Standard
Victory
Conquest
Starting age
Dark Age
Ending age
Imperial Age
RankedLock teamsTeams togetherTeam positionsShared explorationLock speedFull tech treeHidden civsTurbo modeCheats
Victory
Defeat
🇨🇳 Saracens · China
1155
+14
🇦🇺 Spanish · Australia
1149
+14
🇨🇳 Slavs · China
1148
+14
🇨🇳 Huns · China
1143
+16
🇨🇳 Varangians · China
1238
-19
🇮🇳 Poles · India
1092
-14
🇨🇳 Tatars · China
1068
-13
🇩🇪 Franks · Germany
1065
-12
一叶知秋
5:03 Loom
10:43 Feudal Age
14:28 Castle Age
12:38 Double-Bit Axe
13:11 Horse Collar
20:42 Wheelbarrow
21:08 Bow Saw
22:15 Heavy Plow
24:23 Gold Mining
26:11 Hand Cart
28:41 Imperial Age
25:57 Town Watch
27:05 Squires
26:25 Man-at-Arms
27:50 Long Swordsman
30:18 Forging
30:20 Scale Mail Armor
30:52 Conscription
29:54 Two-Handed Swordsman
32:23 Chain Mail Armor
32:44 Iron Casting
32:49 Gold Shaft Mining
31:58 Champion
32:28 Capped Ram
33:48 Plate Mail Armor
34:24 Pikeman
34:48 Siege Ram
35:23 Halberdier
37:58 Blast Furnace
37:07 Elite Skirmisher
38:50 Chemistry
38:19 Ballistics
WING123456
0:45 Loom
10:23 Feudal Age
14:42 Castle Age
12:58 Double-Bit Axe
13:25 Horse Collar
16:06 Bow Saw
22:13 Gold Mining
23:37 Marauders
24:12 Scale Barding Armor
24:51 Forging
25:16 Bloodlines
26:02 Wheelbarrow
26:14 Chain Barding Armor
26:09 Husbandry
28:15 Iron Casting
29:00 Gold Shaft Mining
33:30 Imperial Age
34:16 Elite Tarkan
36:25 Plate Barding Armor
39:34 Parthian Tactics
41:08 Blast Furnace
39:36 Elite Skirmisher
Dark Balrog Chicken
2:29 Loom
9:14 Feudal Age
11:03 Feudal Age
15:08 Castle Age
14:45 Double-Bit Axe
14:42 Horse Collar
24:26 Fletching
28:35 Bow Saw
32:22 Imperial Age
31:09 Wheelbarrow
31:32 Heavy Plow
38:08 Two-Man Saw
39:21 Hand Cart
39:32 Elite Skirmisher
三脚猫功夫
4:14 Loom
5:44 Loom
10:23 Feudal Age
16:27 Castle Age
14:33 Double-Bit Axe
14:52 Horse Collar
17:43 Bow Saw
20:12 Wheelbarrow
24:53 Gold Mining
29:04 Imperial Age
27:06 Bloodlines
27:48 Heavy Plow
28:26 Gold Shaft Mining
27:41 Stone Mining
27:47 Stone Mining
29:00 Husbandry
29:44 Forging
30:38 Hand Cart
34:02 Conscription
35:02 Iron Casting
37:02 Chemistry
36:42 Elite Mameluke
菜鸡互啄
10:25 Feudal Age
14:21 Castle Age
13:11 Double-Bit Axe
18:26 Bow Saw
19:56 Horse Collar
23:01 Gold Mining
24:33 Wheelbarrow
24:11 Heavy Plow
24:13 Stone Mining
28:34 Imperial Age
26:21 Scale Mail Armor
26:31 Forging
27:09 Stone Shaft Mining
26:38 Loom
27:26 Hand Cart
27:33 Hand Cart
28:26 Chain Mail Armor
28:46 Iron Casting
29:48 Conscription
29:16 Elite Varangian Guard
31:09 Plate Mail Armor
31:01 Squires
30:47 Gambesons
30:50 Arson
31:37 Husbandry
31:47 Bloodlines
32:07 Elite Jarl
32:35 Pikeman
33:06 Halberdier
33:55 Scale Barding Armor
35:12 Gothikon
Schlenkerla23
11:25 Feudal Age
15:54 Castle Age
14:22 Double-Bit Axe
15:39 Gold Mining
18:09 Bow Saw
23:31 Scale Mail Armor
24:06 Forging
26:06 Chain Mail Armor
31:32 Iron Casting
32:41 Gold Shaft Mining
33:30 Fletching
34:18 Scale Barding Armor
37:44 Squires
37:30 Arson
38:56 Bodkin Arrow
hmscsna
2:31 Loom
10:13 Feudal Age
16:09 Castle Age
18:18 Double-Bit Axe
18:15 Horse Collar
21:10 Wheelbarrow
25:10 Fletching
27:24 Hand Cart
27:20 Bow Saw
27:22 Forging
27:42 Town Watch
28:05 Heavy Plow
34:17 Imperial Age
32:38 Scale Mail Armor
33:14 Iron Casting
32:55 Pikeman
33:52 Chain Mail Armor
34:18 Squires
36:55 Blast Furnace
36:43 Conscription
38:15 Szlachta Privileges
38:26 Gold Mining
38:27 Stone Mining
68877168
9:51 Feudal Age
10:41 Feudal Age
11:27 Loom
14:45 Castle Age
13:07 Double-Bit Axe
13:11 Horse Collar
15:36 Heavy Plow
15:51 Bow Saw
18:46 Wheelbarrow
21:12 Heavy Plow
25:35 Fletching
25:46 Padded Archer Armor
26:25 Stone Mining
26:25 Gold Mining
26:56 Husbandry
27:06 Bloodlines
27:42 Hand Cart
30:19 Imperial Age
28:04 Treadmill Crane
28:44 Ballistics
28:21 Murder Holes
28:29 Bodkin Arrow
28:49 Leather Archer Armor
29:52 Town Watch
30:31 Heavy Cavalry Archer
32:14 Chemistry
31:18 Bracer
31:49 Ring Archer Armor
38:05 Crop Rotation
Connection lost

Rejoining the realm…

Still unreachable

The connection could not be restored.

Session expired

The server has moved on; the page needs a fresh start.